AoeStats
← Tysanti

Arena

510115824Analyzed
1v1 RM · 2d ago on Sep 29, 2026· 71m 56s· 2 players
Game mode
Random Map
Map size
Tiny (2 player)
Population
200
Speed
Normal
Resources
Standard
Victory
Conquest
Starting age
Dark Age
Ending age
Imperial Age
RankedLock teamsTeams togetherTeam positionsShared explorationLock speedFull tech treeHidden civsTurbo modeCheats
Victory
Defeat
🇦🇷 Khmer · Argentina
242
+6
🇹🇷 Turks · Türkiye
—
LimberAcrobat69
11:53 Feudal Age
14:24 Double-Bit Axe
16:09 Town Watch
17:14 Gold Mining
17:16 Stone Mining
19:42 Town Watch
20:32 Wheelbarrow
22:41 Castle Age
22:09 Town Watch
28:03 Bow Saw
28:32 Wheelbarrow
27:47 Town Watch
28:43 Town Watch
31:49 Gold Shaft Mining
32:07 Bloodlines
33:42 Scale Mail Armor
33:47 Scale Barding Armor
33:48 Padded Archer Armor
33:46 Fletching
34:56 Hand Cart
34:54 Town Patrol
40:02 Imperial Age
38:21 Bodkin Arrow
38:42 Leather Archer Armor
38:38 Forging
38:47 Chain Mail Armor
39:50 Ballistics
41:16 Bracer
41:52 Ring Archer Armor
41:44 Chain Barding Armor
41:57 Plate Mail Armor
42:08 Hoardings
42:02 Murder Holes
42:17 Fortified Wall
44:19 Elite Janissary
45:36 Horse Collar
50:01 Plate Barding Armor
49:57 Bombard Tower
49:21 Treadmill Crane
49:22 Cavalier
50:05 Husbandry
58:18 Heavy Camel Rider
66:09 Redemption
66:00 Devotion
Tysanti
7:47 Loom
10:40 Feudal Age
18:15 Castle Age
21:44 Wheelbarrow
21:26 Double-Bit Axe
22:48 Bow Saw
22:27 Horse Collar
24:11 Heavy Plow
26:32 Masonry
26:19 Murder Holes
32:12 Imperial Age
29:58 Hand Cart
30:25 Gold Mining
30:26 Stone Mining
31:12 Fortified Wall
31:58 Town Watch
34:39 Architecture
35:10 Chemistry
34:32 Ballistics
34:03 Heated Shot
34:25 Fletching
35:11 Bodkin Arrow
35:27 Forging
37:01 Crop Rotation
38:03 Double Crossbow
38:04 Tusk Swords
38:47 Bracer
39:14 Scale Barding Armor
39:50 Town Patrol
44:47 Iron Casting
44:37 Chain Barding Armor
45:02 Gold Shaft Mining
45:04 Stone Shaft Mining
45:46 Elite Ballista Elephant
48:58 Blast Furnace
49:29 Hoardings
50:52 Siege Engineers
50:38 Guard Tower
52:57 Light Cavalry
53:39 Husbandry
53:47 Cavalier
54:38 Bloodlines
65:14 Conscription
65:04 Sappers
66:24 Heavy Scorpion
68:10 Hussar
Connection lost

Rejoining the realm…

Still unreachable

The connection could not be restored.

Session expired

The server has moved on; the page needs a fresh start.